 Dungeon Crawl Stone Soup version 0.24-a0-520-g8fd06ad (webtiles) character file.

Game seed: 6660031656114853137

906 Spazmo the Magician (level 7, 0/36 HPs)
             Began as a Deep Elf Fire Elementalist on July 26, 2019.
             Was an Initiate of Vehumet.
             Slain by an orc warrior
             ... wielding a +1 war axe of flaming
              (13 damage)
             ... on level 6 of the Dungeon.
             The game lasted 00:10:34 (4071 turns).

Spazmo the Magician (Deep Elf Fire Elementalist)    Turns: 4071, Time: 00:10:34

Health: 0/36       AC:  6    Str:  9    XL:     7   Next: 81%
Magic:  11/19      EV: 13    Int: 26    God:    Vehumet [......]
Gold:   124        SH:  0    Dex: 19    Spells: 5/20 levels left

rFire    . . .     SeeInvis .   f - +2 dagger (venom)
rCold    + . .     Gourm    .   (no shield)
rNeg     . . .     Faith    .   p - +4 robe of Augmentation {Str+4 Int+4 Dex+4}
rPois    .         Spirit   .   (no helmet)
rElec    .         Reflect  .   (no cloak)
rCorr    .         Harm     .   (no gloves)
MR       .....                  (no boots)
Stlth    ++........             (no amulet)
HPRegen  0.12/turn              k - ring of flight
MPRegen  0.16/turn              n - ring of protection from cold

@: no status effects
A: no striking features
a: Renounce Religion, Evoke Flight


You were on level 6 of the Dungeon.
You worshipped Vehumet.
Vehumet was noncommittal.
You were hungry.

You visited 1 branch of the dungeon, and saw 6 of its levels.

You collected 124 gold pieces.

Inventory:

Hand Weapons
 f - a +2 dagger of venom (weapon)
Missiles
 h - 216 stones (quivered)
Armour
 p - the +4 robe of Augmentation (worn) {Str+4 Int+4 Dex+4}
   (You found it on level 4 of the Dungeon)

   It affects your strength (+4).
   It affects your intelligence (+4).
   It affects your dexterity (+4).
Jewellery
 k - a ring of flight (left hand)
 n - a ring of protection from cold (right hand)
Scrolls
 d - 2 scrolls of fear
 e - 3 scrolls of blinking
 g - 3 scrolls of teleportation
 q - a scroll of enchant armour
 r - a scroll of remove curse
Potions
 a - a potion of heal wounds {unknown}
 i - a potion of agility
 j - a potion of curing {unknown}
 l - 2 potions of brilliance
 m - a potion of flight {unknown}
 o - a potion of might {unknown}
Comestibles
 c - 11 rations


   Skills:
 - Level 2.4 Dodging
 - Level 2.4 Stealth
 + Level 7.3 Spellcasting
 + Level 5.6 Conjurations
 + Level 6.5 Fire Magic


You had 5 spell levels left.
You knew the following spells:

 Your Spells              Type           Power        Failure   Level  Hunger
a - Flame Tongue          Conj/Fire      #####        1%          1    None
b - Throw Flame           Conj/Fire      #####.       1%          2    None
c - Conjure Flame         Conj/Fire      #####...     1%          3    None
d - Sticky Flame          Conj/Fire      #####...     4%          4    ##.....
e - Fireball              Conj/Fire      #####.....   14%         5    #####..

Your spell library contained the following spells:

 Spells                   Type           Power        Failure   Level  Hunger
 Inner Flame              Hex/Fire       ####....     4%          3    None
 Animate Skeleton         Necr           N/A          6%          1    None
 Pain                     Necr           #...         6%          1    None
 Regeneration             Chrm/Necr      #.........   19%         3    None
 Vampiric Draining        Necr           #.........   19%         3    None
 Animate Dead             Necr           N/A          52%         4    ##.....


Dungeon Overview and Level Annotations

Branches:
Dungeon (6/15)
 Temple: D:4-7

Altars:
Dithmenos
Fedhas
Gozag
Nemelex Xobeh
Vehumet
Xom
The Shining One

Shops:
D:5 =

Annotations:
D:4 exclusion: statue


Message History

Aiming: Flame Tongue (safe; 1% risk of failure)
Press: ? - help, Shift-Dir - straight line, f/p - orc warrior
Aim: an orc warrior, wielding a +1 war axe of flaming and wearing a +0 plate armour (lightly wounded)
The flame tongue hits the orc warrior!
The orc warrior is heavily wounded.
Casting: Flame Tongue (safe; 1% risk of failure)
Confirm with . or Enter, or press ? or * to list all spells.
Aiming: Sticky Flame (safe; 4% risk of failure)
Press: ? - help, Shift-Dir - straight line, f/p - orc warrior
Aim: an orc warrior, wielding a +1 war axe of flaming and wearing a +0 plate armour (heavily wounded)
The sticky flame hits the orc warrior but does no damage.
The orc warrior is heavily wounded.
The orc warrior is covered in liquid flames!
The orc warrior burns!
The orc warrior hits you with a +1 war axe of flaming!!
Ouch! That really hurt!
The orc warrior burns you.
The orc warrior burns!
The orc warrior hits you with a +1 war axe of flaming!
You die...

# #. ###.###
#.....# #.#
#.#######.# #.#
#..<......#
#o###.######...
#)@...# #######


You could see an orc warrior (burning).

Vanquished Creatures
  An ice beast (D:5)
  A phantom (D:5)
  An ogre (D:4)
  A centaur (D:5)
  A scorpion (D:2)
  An electric eel (D:6)
  2 crimson imps
  A hound (D:4)
  A bullfrog skeleton (D:5)
  An orc priest (D:3)
  2 orc wizards
  2 worker ants
  A hound skeleton (D:4)
  5 adders
  3 gnolls (D:2)
  An ooze (D:1)
  An adder skeleton (D:4)
  3 worms
  4 dart slugs
  6 leopard geckos
  11 orcs
  11 bats
  5 giant cockroaches
  7 goblins
  6 hobgoblins
  5 jackals
  5 quokkas
  2 ball pythons (D:1)
  4 frilled lizards
  9 kobolds
  8 rats
112 creatures vanquished.

Notes
Turn   | Place    | Note
-------+----------+-------------------------------------------
     0 | D:1      | Spazmo the Deep Elf Fire Elementalist began the quest for
                  | the Orb.
     0 | D:1      | Reached XP level 1. HP: 10/10 MP: 6/6
   241 | D:1      | Reached XP level 2. HP: 15/15 MP: 5/8
   252 | D:1      | Learned a level 2 spell: Throw Flame
   740 | D:1      | Reached XP level 3. HP: 19/19 MP: 6/10
   745 | D:1      | Learned a level 3 spell: Conjure Flame
  1259 | D:2      | Reached skill level 4 in Spellcasting
  1480 | D:2      | Noticed a scorpion
  1484 | D:2      | Killed a scorpion
  1484 | D:2      | Reached XP level 4. HP: 17/24 MP: 2/12
  1490 | D:2      | Learned a level 4 spell: Sticky Flame
  1592 | D:2      | Reached XP level 5. HP: 28/28 MP: 7/14
  1701 | D:3      | Found a sparkling altar of Nemelex Xobeh.
  1782 | D:3      | Reached skill level 5 in Spellcasting
  2052 | D:3      | Found a blossoming altar of Fedhas.
  2184 | D:3      | Found an opulent altar of Gozag.
  2355 | D:3      | Reached skill level 5 in Fire Magic
  2457 | D:3      | Reached XP level 6. HP: 32/32 MP: 9/16
  2533 | D:3      | Learned a level 5 spell: Fireball
  2616 | D:3      | Identified a scroll of acquirement
  2617 | D:3      | Got a pair of bloodstained boots
  2618 | D:3      | Identified the -1 pair of boots of Decompression {rC-
                  | Slay+6} (You acquired it on level 3 of the Dungeon)
  2644 | D:4      | Found a radiant altar of Vehumet.
  2650 | D:4      | Became a worshipper of Vehumet
  2718 | D:4      | Reached skill level 6 in Spellcasting
  2921 | D:4      | Found a shadowy altar of Dithmenos.
  3009 | D:4      | Found the +4 robe of Augmentation {Str+4 Int+4 Dex+4}
  3289 | D:5      | Entered Level 5 of the Dungeon
  3388 | D:5      | Reached XP level 7. HP: 31/36 MP: 11/18
  3429 | D:5      | Found Huissiz's Jewellery Shop.
  3523 | D:5      | Reached skill level 5 in Conjurations
  3690 | D:5      | Found a shimmering altar of Xom.
  3725 | D:5      | Found a glowing golden altar of the Shining One.
  3800 | D:5      | Reached skill level 7 in Spellcasting
  4071 | D:6      | Slain by an orc warrior

Levels and vault maps discovered:
D:1:      minmay_arrival_doors, layout_loops_corners, minmay_cut_off
D:2:      layout_loops_cross
D:3:      layout_rooms, fedhas_altar_2, old_standard_altar,
          lemuel_coloured_pillars_altar, minivault_5
D:4:      layout_rooms, lemuel_crystal_altar, vehumet_statue, dk_noncrumbling_3
D:5:      layout_loops_ring, tso_oasis_becter, overflow_temple_1_default,
          serial_shops, nicolae_shop_temple_entry_statues_fountains,
          first_ration, kennysheep_another_room
D:6:      kennysheep_slugbush, layout_loops_ring, minmay_temple_entry_tees,
          serial_shops, shop

Skill      XL: |  1  2  3  4  5  6  7 |
---------------+----------------------+-----
Conjurations   | 2 3 4 5 |  5.6
Fire Magic     | 4 5 6 |  6.5
Spellcasting   | 4 5 6 7 |  7.3
Dodging        | |  2.4
Stealth        | |  2.4

Action                   |  1- 3 |  4- 6 |  7- 9 || total
-------------------------+-------+-------+-------++-------
Melee: Dagger            |    10 |    14 |     9 ||    33
Throw: Stone             |       |     2 |       ||     2
 Cast: Flame Tongue      |    78 |    98 |    26 ||   202
       Throw Flame       |       |    15 |     6 ||    21
       Sticky Flame      |       |     1 |     1 ||     2
  Use: Scroll            |     5 |     4 |     1 ||    10
       Potion            |       |     1 |       ||     1
  Eat: Chunk             |     2 |     5 |     2 ||     9
Armor: Robe              |     5 |     7 |     2 ||    14
Dodge: Dodged            |    20 |    20 |     8 ||    48

Table legend:
 A = Non-vault XP
 B = Vault XP
 C = Vault XP percentage of total XP
 D = Non-vault monster count
 E = Vault monster count
 F = Vault count percentage of total count
                 A         B        C        D         E       F
            +---------+---------+-------+---------+---------+-------
      Total |    1283 |      12 |   0.9 |     107 |       5 |   4.5
            +---------+---------+-------+---------+---------+-------
        D:1 |      34 |       8 |  19.0 |      18 |       4 |  18.2
        D:2 |     175 |       0 |   0.0 |      27 |       0 |   0.0
        D:3 |     233 |       0 |   0.0 |      42 |       0 |   0.0
        D:4 |     259 |       0 |   0.0 |      12 |       0 |   0.0
        D:5 |     490 |       0 |   0.0 |       6 |       0 |   0.0
        D:6 |      92 |       4 |   4.2 |       2 |       1 |  33.3
            +---------+---------+-------+---------+---------+-------
